 Dungeon Crawl Stone Soup version 0.22-a0-354-g30dfbe6 (webtiles) character file.

53 RoseArtemis the Poker (level 3, -1/28 HPs)
             Began as a Merfolk Gladiator on Apr 16, 2018.
             Was an Initiate of Makhleb.
             Slain by a worm (10 damage)
             ... on level 3 of the Dungeon.
             The game lasted 00:04:34 (2029 turns).

RoseArtemis the Poker (Merfolk Gladiator)           Turns: 2029, Time: 00:04:34

Health: -1/28      AC:  7    Str: 15    XL:     3   Next: 87%
Magic:  3/3        EV: 13    Int:  7    God:    Makhleb [......]
Gold:   37         SH:  0    Dex: 15    Spells: 2/2 levels left

rFire    + . .     SeeInvis .   a - +0 trident
rCold    . . .     Gourm    .   (no shield)
rNeg     . . .     Faith    .   p - +0 ring mail
rPois    .         Spirit   .   c - +0 helmet
rElec    .         Reflect  .   j - +0 cloak
rCorr    .         Harm     .   (no gloves)
MR       .....                  (no boots)
Stlth    +.........             (no amulet)
HPRegen  0.09/turn              g - ring of protection from fire
MPRegen  0.08/turn              (no ring)

@: no status effects
A: change form in water, swift swim, stealthy swim
a: Renounce Religion


You were on level 3 of the Dungeon.
You worshipped Makhleb.
Makhleb was noncommittal.
You were hungry.

You visited 1 branch of the dungeon, and saw 3 of its levels.

You collected 37 gold pieces.

Inventory:

Hand Weapons
 a - a +0 trident (weapon)
Missiles
 d - 3 throwing nets (quivered)
Armour
 c - a +0 helmet (worn)
 j - a +0 cloak (worn)
 p - a +0 ring mail (worn)
Jewellery
 g - a ring of protection from fire (left hand)
Scrolls
 b - a scroll of magic mapping {unknown}
 h - a scroll of remove curse {unknown}
 i - a scroll of teleportation {unknown}
 k - a scroll of blinking {unknown}
 o - a scroll of random uselessness {unknown}
 q - 2 scrolls of amnesia {unknown}
 s - a scroll of noise {unknown}
Potions
 e - a potion of brilliance {unknown}
 l - a potion of flight {unknown}
 m - a potion of degeneration {unknown}
 n - a potion of curing {unknown}
 r - 2 potions of mutation
Comestibles
 f - 8 rations
 t - 2 chunks of flesh


   Skills:
 + Level 2.7 Fighting
 * Level 5.5 Polearms
 + Level 2.5 Throwing
 + Level 4.5 Dodging


You had 2 spell levels left.
You didn't know any spells.

Dungeon Overview and Level Annotations

Branches:
Dungeon (3/15)

Altars:
Ashenzari
Dithmenos
Fedhas
Makhleb
Nemelex Xobeh
Qazlal
Trog
Vehumet


Message History

You hit the rat.
The rat is heavily wounded.
The rat closely misses you.
You hit the rat.
You kill the rat!
Makhleb accepts your kill.
You hit the worm.
The worm is moderately wounded.
The worm bites you but does no damage.
Your ring mail prevents you from hitting the worm.
The worm is moderately wounded.
You hit the worm.
The worm is moderately wounded.
The worm barely misses you.
You completely miss the worm.
The worm is lightly wounded.
You hit the worm.
The worm is moderately wounded.
The worm bites you!
You die...

#..........#
#####.##...####
#........>.# #.###.##
#...._.....# #.#######
#.##...#).## #.##....###
#.##..##..# #####.......##
#.........# #..#....†...)#
#######..##
##.##....#....# #..#
#..##...###..))# #..#
#@w.†...#y#._..#
###..######..##...###...)#
#............##....#....##
#.#.#.#####.#.#.........#
#.#.........#.##.......##
#.###.#######.###....###
#[....# #.# ###### #######
#.# #.#


You could see a worm.

Vanquished Creatures
  2 adders (D:3)
  2 worms
  A leopard gecko (D:1)
  A ball python (D:1)
  3 bats
  5 giant cockroaches
  3 hobgoblins (D:1)
  3 frilled lizards
  2 kobolds
  7 rats
29 creatures vanquished.

Notes
Turn   | Place    | Note
-------+----------+-------------------------------------------
     0 | D:1      | RoseArtemis the Merfolk Gladiator began the quest for the Orb.
     0 | D:1      | Reached XP level 1. HP: 16/16 MP: 1/1
   423 | D:1      | Reached XP level 2. HP: 23/23 MP: 2/2
   454 | D:1      | Found a sparkling altar of Nemelex Xobeh.
  1066 | D:2      | Found a radiant altar of Vehumet.
  1142 | D:2      | Reached skill level 5 in Polearms
  1427 | D:2      | Found a stormy altar of Qazlal.
  1592 | D:2      | Found a burning altar of Makhleb.
  1595 | D:2      | Became a worshipper of Makhleb the Destroyer
  1802 | D:3      | Reached XP level 3. HP: 28/28 MP: 3/3
  1829 | D:3      | Found a shattered altar of Ashenzari.
  1840 | D:3      | Found a shadowy altar of Dithmenos.
  1841 | D:3      | Found a blossoming altar of Fedhas.
  1988 | D:3      | Noticed a moth of wrath
  1991 | D:3      | Found a bloodstained altar of Trog.
  2029 | D:3      | Slain by a worm

Vault maps used:
D:1:      giann_forest_graveyard, nemelex_diamond_rough_becter
D:2:      lemuel_doored_altar, fiery_altar_vehumet,
          nicolae_qazlal_eye_of_the_storm
D:3:      old_standard_altar, tgw_trog, grunt_temple_overflow_open

Skill      XL: |  1  2 |
---------------+-------+-----
Polearms       | 5 |  5.5
Fighting       | |  2.7
Throwing       | |  2.5
Dodging        | |  4.5

Action                   || total
-------------------------++-------
Melee: Trident           ||   119
  Use: Scroll            ||     2
 Stab: Sleeping          ||     1
  Eat: Chunk             ||     3
Armor: Leather armour    ||     5
       Ring mail         ||    22
Dodge: Dodged            ||    67

Table legend:
 A = Spawn XP
 B = Non-spawn XP
 C = Spawn XP percentage of total XP
 D = Spawn monster count
 E = Non-spawn monster count
 F = Spawn count percentage of total count
 G = Total turns spent on level
                    A         B        C        D         E        F      G
               +---------+---------+-------+---------+---------+-------+---------
         Total |       0 |      76 |   0.0 |       0 |      29 |   0.0 |  2029
               +---------+---------+-------+---------+---------+-------+---------
           D:1 |       0 |      23 |   0.0 |       0 |      13 |   0.0 |  1028
           D:2 |       0 |      10 |   0.0 |       0 |       5 |   0.0 |   763
           D:3 |       0 |      43 |   0.0 |       0 |      11 |   0.0 |   238
               +---------+---------+-------+---------+---------+-------+---------
